 Dungeon Crawl Stone Soup version 0.28-a0-514-g0d7ab7f379 (webtiles) character file.

Game seed: 570770676454677866

758 wakim the Twirler (level 7, -23/58 HPs)
             Began as a Palentonga Gladiator on Sept 22, 2021.
             Was a Follower of Nemelex Xobeh.
             Killed from afar by Ijyb (36 damage)
             ... with a bolt of acid
             ... on level 5 of the Dungeon.
             The game lasted 00:13:35 (4820 turns).

wakim the Twirler (Palentonga Gladiator)            Turns: 4820, Time: 00:13:36

Health: -23/58     AC: 12    Str: 19    XL:     7   Next: 50%
Magic:  0/9        EV:  5    Int:  8    God:    Nemelex Xobeh [*.....]
Gold:   142        SH:  0    Dex: 12    Spells: 6/6 levels left

rFire   . . .      SeeInvis +   a - +0 quarterstaff (venom)
rCold   . . .      Faith    .   (shield currently unavailable)
rNeg    . . .      Spirit   +   g - +0 chain mail
rPois   +          Reflect  .   c - +0 helmet
rElec   .          Harm     .   (no cloak)
rCorr   .          Rampage  .   l - +0 pair of gloves
Will    .....                   (no barding)
Stlth   ..........              o - amulet of guardian spirit
HPRegen 0.19/turn               f - ring of poison resistance
MPRegen 0.11/turn               i - +4 ring of slaying

@: corroded, curled up
A: large, rugged brown scales 3, see invisible, deformed body, roll 1, armoured
tail, reflexive curl
a: Rolling Charge, Renounce Religion, Draw Escape, Draw Destruction, Draw
Summoning


You were on level 5 of the Dungeon.
You worshipped Nemelex Xobeh.
Nemelex Xobeh was aware of your devotion.
You visited 2 branches of the dungeon, and saw 6 of its levels.

You collected 142 gold pieces.

Inventory:

Hand Weapons
 a - a +0 quarterstaff of venom (weapon)
 d - a +2 flail of draining
Missiles
 n - 3 throwing nets {=f!f}
Armour
 c - a +0 helmet (worn)
 g - a +0 chain mail (worn)
 l - a +0 pair of gloves (worn)
 r - a +0 kite shield
Jewellery
 f - a ring of poison resistance (left hand)
 h - a ring of positive energy
 i - a +4 ring of slaying (right hand)
 m - a ring of fire
 o - an amulet of guardian spirit (around neck)
 q - a +6 ring of intelligence
Scrolls
 e - a scroll of enchant weapon {unknown}
 k - a scroll of vulnerability {unknown}
 p - a scroll of fear {unknown}
 R - 3 scrolls of magic mapping {!r}
Potions
 b - a potion of brilliance {unknown}
 j - a potion of might {unknown}
 F - 6 potions of curing
 H - 2 potions of haste
 K - a potion of magic
 L - 2 potions of lignification {!q}


   Skills:
 + Level 4.8 Fighting
 * Level 7.0 Staves
 - Level 1.3 Throwing
 - Level 2.4 Dodging
 + Level 3.0 Invocations


You had 6 spell levels left.
You didn't know any spells.
Your spell library was empty.

Dungeon Overview and Level Annotations

Branches:
Dungeon (5/15)             Temple (1/1) D:4

Altars:
Ashenzari
Cheibriados
Elyvilon
Fedhas
Gozag
Hepliaklqana
Makhleb
Nemelex Xobeh
Okawaru
Ru
Sif Muna
Trog
Uskayaw
Xom
Yredelemnul
Zin
The Shining One

Annotations:
D:5 Ijyb


Innate Abilities, Weirdness & Mutations

You are completely covered in rugged brown scales. (AC +3, +7% HP)
You have supernaturally acute eyesight. (SInv)
Armour fits poorly on your strangely shaped body.
You can roll at nearby foes to attack.
You have a long armoured tail.
You curl defensively after being hit.


Message History

You open the door.
There is an open door here.
Nemelex will now gift you decks of power as you gain piety.
F - 6 potions of curing (gained 1)
Found a kite shield.
r - a +0 kite shield You open the door.
There is an open door here.
Found 8 gold pieces.
You now have 138 gold pieces (gained 8).
There is an open door here.
There is an open door here.
You open the door.
There is an open door here.
You open the door. Nemelex Xobeh deals you some cards!
You now have 3 escape cards and 1 destruction card.
There is an open door here.
You now have 142 gold pieces (gained 4).
Ijyb the Twisted Goblin comes into view.
She is wielding a +0 club and carrying a wand of acid (3).
Ijyb shouts!
A scorpion comes into view.
You roll forward with a clatter of scales!
You barely miss Ijyb.
You hear a shout!
Ijyb zaps a wand.
The bolt of acid hits you!!!
Ouch! That really hurt!
* * * LOW HITPOINT WARNING * * *
The acid corrodes you!
You barely miss Ijyb. The scorpion stings you.
* * * LOW HITPOINT WARNING * * *
Ijyb completely misses you. The scorpion stings you!
* * * LOW HITPOINT WARNING * * *
You closely miss Ijyb.
Ijyb zaps a wand.
The bolt of acid hits you!!!
Ouch! That really hurt!
You die...
Your body disappears without a glow.

#########.# #.#
+.........######'#####
###########..........#
#..........#
#..........#
#.○........#
#$°......).#
+.°........#
#.@........#
#.gs.......#
+......<...#
#......... #.........
#......... ##########


You could see Ijyb and a scorpion.

Vanquished Creatures
  Grinder (D:4)
  An ogre (D:4)
  2 scorpions
  4 hounds
  An orc priest (D:4)
  An iguana (D:5)
  6 gnolls
  4 adders
  An adder skeleton (D:4)
  A worm (D:2)
  2 dart slugs
  7 orcs
  9 ball pythons
  7 endoplasms
  6 giant cockroaches
  6 goblins
  5 hobgoblins
  10 kobolds
  6 quokkas
  A bat (D:1)
  6 frilled lizards
  2 rats
89 creatures vanquished.

Vanquished Creatures (others)
  4 plants (D:3)
4 creatures vanquished.

Grand Total: 93 creatures vanquished

Notes
Turn   | Place    | Note
-------+----------+-------------------------------------------
     0 | D:1      | wakim the Palentonga Gladiator began the quest for the Orb.
     0 | D:1      | Reached XP level 1. HP: 17/17 MP: 1/1
   144 | D:1      | Reached XP level 2. HP: 23/23 MP: 2/2
   752 | D:2      | Found a faded altar of an unknown god.
   827 | D:2      | Reached XP level 3. HP: 29/29 MP: 3/3
   977 | D:2      | Reached skill level 4 in Staves
  1501 | D:2      | Reached XP level 4. HP: 32/36 MP: 4/4
  2351 | D:4      | Reached skill level 5 in Staves
  2351 | D:4      | Reached XP level 5. HP: 39/43 MP: 5/5
  2401 | D:4      | Found a staircase to the Ecumenical Temple.
  2467 | Temple   | Entered the Ecumenical Temple
  2675 | Temple   | Became a worshipper of Nemelex Xobeh the Trickster
  2706 | D:4      | Noticed an ogre
  2722 | D:4      | Killed an ogre
  2723 | D:4      | Reached skill level 1 in Invocations
  2723 | D:4      | Reached XP level 6. HP: 12/51 MP: 2/6
  3213 | D:4      | Reached skill level 6 in Staves
  3454 | D:4      | Noticed Grinder
  3467 | D:4      | Paralysed by Grinder for 6 turns
  3475 | D:4      | Killed Grinder
  3476 | D:4      | Gained mutation: You curl defensively after being hit.
                  | [Palentonga growth]
  3476 | D:4      | Reached XP level 7. HP: 4/58 MP: 1/8
  3995 | D:4      | Found a glowing silver altar of Zin.
  3995 | D:4      | Noticed an angel
  4051 | D:5      | Entered Level 5 of the Dungeon
  4579 | D:5      | Reached skill level 7 in Staves
  4697 | D:5      | Reached * piety under Nemelex Xobeh
  4807 | D:5      | Received a gift from Nemelex Xobeh
  4816 | D:5      | Noticed Ijyb
  4820 | D:5      | Killed from afar by Ijyb

Illustrated notes

Levels and vault maps discovered:
D:1:      giann_wishing_wells, layout_basic
D:2:      layout_loops_ring, basic_ecumenical_altar, kennysheep_cross_bottleneck
D:3:      layout_loops_cross, lexackson_kobold_supper
D:4:      layout_loops_ring, zin_angel, minmay_temple_entry_glass, uniq_grinder
D:5:      layout_basic, hex_tiny, uniq_ijyb
Temple:   eino_temple_rhombus

Skill      XL: |  1  2  3  4  5  6  7 |
---------------+----------------------+-----
Staves         | 4 5 6 7 |  7.0
Fighting       | 3 4 |  4.8
Invocations    | 1 2 3 |  3.0
Throwing       | |  1.3
Dodging        | |  2.4

Action                   |  1- 3 |  4- 6 |  7- 9 || total
-------------------------+-------+-------+-------++-------
Melee: Quarterstaff      |    68 |    89 |    29 ||   186
       Tailslap          |     5 |     6 |     1 ||    12
 Abil: Rolling Charge    |    29 |    27 |     6 ||    62
  Use: Scroll            |       |     7 |     1 ||     8
Armor: Leather armour    |     8 |       |       ||     8
       Chain mail        |    18 |    37 |    10 ||    65
Dodge: Dodged            |     7 |    21 |     4 ||    32

Table legend: (Time is in decaauts)
 A = Elapsed time spent in this place.
 B = Non-inter-level travel time spent in this place.
 C = Inter-level travel time spent in this place.
 D = Time resting spent in this place.
 E = Time spent auto-exploring this place.
 F = Levels seen in this place.
 G = Mean time per level.
                   A        B        C        D        E       F      G
               +--------+--------+--------+--------+--------+-----+--------+
         Total |   4829 |   4632 |    197 |    303 |   3777 |   6 |  804.8 |
       Dungeon |   4614 |   4442 |    172 |    303 |   3606 |   5 |  922.8 |
        Temple |    214 |    189 |     25 |      0 |    171 |   1 |  214.0 |
               +--------+--------+--------+--------+--------+-----+--------+

Top non-repeatable levels by time:
     D:4: 1490 daAuts
     D:2: 904 daAuts
     D:5: 768 daAuts
     D:3: 738 daAuts
     D:1: 712 daAuts
  Temple: 214 daAuts
